 Dungeon Crawl Stone Soup version 0.29.0-4-gdea44cf6ec (webtiles) character file.

Game seed: 6523020385102288247

22226 qw the Brawler (level 12, 0/118 HPs)
             Began as a Troll Cinder Acolyte on Aug 31, 2022.
             Was a Follower of Okawaru.
             Slain by a komodo dragon (19 damage)
             ... on level 5 of the Lair of Beasts.
             The game lasted 00:05:53 (11294 turns).

qw the Brawler (Troll Cinder Acolyte)              Turns: 11294, Time: 00:05:53

Health: 0/118      AC: 10    Str: 28 (29) XL:     12   Next: 61%
Magic:  12/13      EV:  9    Int: 10      God:    Okawaru [*.....]
Gold:   862        SH:  0    Dex:  4 (5)  Spells: 13/13 levels left

rFire   . . .      SeeInvis +     - Unarmed
rCold   . . .      Faith    .   (no shield)
rNeg    . . .      Spirit   .   j - +2 acid dragon scales
rPois   .          Reflect  .   (helmet restricted)
rElec   .          Harm     .   (no cloak)
rCorr   +          Rampage  .   (gloves unavailable)
Will    .....                   (boots unavailable)
Stlth   ..........              r - amulet of the acrobat
HPRegen 1.09/turn               d - ring of see invisible
MPRegen 0.13/turn               (no ring)

@: lethally poisoned (0 -> 0), about to teleport, fire susceptible
A: large, unfitting armour, claws 3, regeneration 1, shaggy fur 1, tough skin 1,
hooves 1, MP-powered wands
a: Renounce Religion, Heroism


You were on level 5 of the Lair of Beasts.
You worshipped Okawaru.
Okawaru was aware of your devotion.
You visited 2 branches of the dungeon, and saw 15 of its levels.

You collected 862 gold pieces.


Innate Abilities, Weirdness & Mutations

You are too large for most types of armour.
You have claws for hands.
Your natural rate of healing is unusually fast.
You are covered in fur. (AC +1)
You have tough skin. (AC +1)
You have large cloven feet.
You expend magic power (3 MP) to strengthen your wands.


   Skills:
 - Level 7.0 Fighting
 - Level 7.0 Throwing
 - Level 3.0 Armour
 - Level 1.1 Dodging
 + Level 17.3 Unarmed Combat
 - Level 1.0 Spellcasting
 - Level 2.1 Fire Magic
 + Level 3.0 Invocations


You had 13 spell levels left.
You didn't know any spells.
Your spell library contained the following spells:

 Spells                   Type           Power      Damage    Failure   Level
 Scorch                   Fire           8%         2d5       26%         2

Inventory:

Missiles
 b - 7 large rocks (quivered)
 o - 6 boomerangs
Armour
 j - +2 acid dragon scales (worn)
Jewellery
 d - a ring of see invisible (left claw)
 e - a ring of ice
 g - a ring of fire
 r - an amulet of the acrobat (around neck)
Scrolls
 p - a scroll of identify
 q - 2 scrolls of teleportation
Potions
 a - a potion of might
 c - 3 potions of haste {unknown}
 f - 3 potions of curing
 h - 3 potions of mutation
 i - 3 potions of heal wounds
 l - a potion of lignification {unknown}
 n - a potion of cancellation {unknown}

Dungeon Overview and Level Annotations

Branches:
Dungeon (11/15)            Temple (0/1) D:6            Lair (3/5) D:11
    Orc (0/2) D:9
  Swamp: Lair:2-3    Shoals: Lair:2-3     Snake: Lair:2-3    Spider: Lair:2-3

Altars:
Gozag
Makhleb
Nemelex Xobeh
Okawaru
Ru

Shops:
D:4 (   D:5 (


Message History

You start resting.
A catoblepas is nearby!
The catoblepas gores you!
You mangle the catoblepas!!
You kick the catoblepas, but do no damage.
The catoblepas is moderately wounded.
The catoblepas stomps with a crash on the ground.
The catoblepas gores you!!
You claw the catoblepas!
You kick the catoblepas, but do no damage.
The catoblepas is heavily wounded.
The catoblepas gores you!!
You completely miss the catoblepas.
You kick the catoblepas, but do no damage.
The catoblepas is heavily wounded.
The cane toad stings you!
You are poisoned.
The cane toad poisons you!
You scratch the catoblepas. Your kick misses the catoblepas.
The catoblepas is heavily wounded.
You feel very sick.
A black mamba comes into view.
The catoblepas breathes a plume of calcifying dust at you.
The blast of calcifying dust hits you. The cane toad stings you.
11291 ||| Stepping ~*~*~tactically~*~*~ (cloud).
You feel sick. The cane toad closely misses you.
11292 ||| Stepping ~*~*~tactically~*~*~ (outnumbered).
You feel very sick.
A five-headed hydra comes into view.
11293 ||| READING 3 scrolls of teleportation.
As you read the scroll of teleportation, it crumbles to dust.
You feel strangely unstable.
You feel sick.
The five-headed hydra roars!
You hear a croak. x2
The komodo dragon bites you!!
11294 ||| DRINKING 4 potions of heal wounds.
You feel much better.
You feel like a meek peon again.
You feel sick. The cane toad barely misses you. The komodo dragon bites you!!
You die...

....... ..........
.. ... .........
...... .........
..... P....<..P
..#. 7.......#
#..#
#.......###..####
#......F@.+.....#
#......l#¤.....D#
#.......¤.#...#S.#
#.......##...##
#......%###+##
#........
#......#.. +.....#
..F +..... .#..


You could see a five-headed hydra, a komodo dragon, a black mamba (wandering)
and a cane toad.

Vanquished Creatures
  Josephine (D:11)
  A hydra (Lair:1)
  A catoblepas (D:11)
  2 two-headed ogres
  A tengu warrior (D:11)
  A deep elf pyromancer (D:11)
  A lindwurm (Lair:5)
  An orc knight (D:10)
  A manticore (D:10)
  2 cyclopes
  2 cane toads (Lair:5)
  A black mamba (Lair:1)
  A gargoyle (D:11)
  Maggie (D:6)
  An efreet (D:10)
  2 komodo dragons (D:11)
  A rime drake (Lair:2)
  2 trolls
  A polar bear (Lair:1)
  2 hornets
  A slime creature (D:11)
  7 blink frogs (Lair:2)
  Sigmund (D:6)
  A shadow (D:10)
  6 wraiths
  2 vampires
  3 wyverns
  23 yaks
  2 basilisks (Lair:1)
  4 vampire mosquitoes (D:11)
  Menkaure (D:4)
  An acid dragon (D:9)
  4 water moccasins
  2 orc warriors (D:10)
  An ice beast (D:8)
  A sky beast (D:7)
  5 black bears
  8 wolves
  5 centaurs
  2 ogres
  A phantom (D:5)
  A kobold brigand (D:10)
  12 bullfrogs
  2 necrophages
  A gnoll sergeant (D:7)
  4 scorpions
  A wight (D:10)
  4 killer bees (D:10)
  4 howler monkeys
  6 orc priests
  5 hounds
  A gnoll bouda (D:7)
  Natasha (D:2)
  3 iguanas
  5 orc wizards
  2 hell rats (Lair:1)
  8 adders
  7 gnolls (D:7)
  8 river rats
  A shadow imp (D:6)
  2 white imps
  5 worms
  A dart slug (D:3)
  29 orcs
  7 endoplasms
  5 giant cockroaches
  5 goblins
  5 hobgoblins
  4 jackals (D:1)
  8 quokkas
  7 ball pythons
  7 bats
  3 frilled lizards
  3 kobolds
  6 rats
280 creatures vanquished.

Vanquished Creatures (others)
  23 fungi (D:11)
  31 plants
54 creatures vanquished.

Grand Total: 334 creatures vanquished

Notes
Turn   | Place    | Note
-------+----------+-------------------------------------------
     0 | D:1      | qw the Troll Cinder Acolyte began the quest for the Orb.
     0 | D:1      | Reached XP level 1. HP: 22/22 MP: 1/1
     0 | D:1      | 0 ||| qw: Version: 0.1-a-97-g2dd2ca4
     0 | D:1      | 0 ||| qw: Game counter: 4508
     0 | D:1      | 0 ||| qw: Always use a shield: true
     0 | D:1      | 0 ||| qw: God list: Okawaru
     0 | D:1      | 0 ||| qw: Allow faded altars: false
     0 | D:1      | 0 ||| qw: Do Orc after D:15 true
     0 | D:1      | 0 ||| qw: Do second Lair branch before Depths: true
     0 | D:1      | 0 ||| qw: Lair rune preference: random
     0 | D:1      | 0 ||| qw: Plans: Normal
     0 | D:1      | 0 ||| PLANNING D:1-11
    85 | D:1      | 85 ||| Stepping ~*~*~tactically~*~*~ (stealth).
    86 | D:1      | 86 ||| Stepping ~*~*~tactically~*~*~ (stealth).
    88 | D:1      | 88 ||| Stepping ~*~*~tactically~*~*~ (outnumbered).
    90 | D:1      | 90 ||| Stepping ~*~*~tactically~*~*~ (outnumbered).
    91 | D:1      | 91 ||| Stepping ~*~*~tactically~*~*~ (outnumbered).
    92 | D:1      | 92 ||| Stepping ~*~*~tactically~*~*~ (outnumbered).
    93 | D:1      | 93 ||| Stepping ~*~*~tactically~*~*~ (outnumbered).
    95 | D:1      | 95 ||| Stepping ~*~*~tactically~*~*~ (outnumbered).
    96 | D:1      | 96 ||| Stepping ~*~*~tactically~*~*~ (outnumbered).
    97 | D:1      | 97 ||| Stepping ~*~*~tactically~*~*~ (outnumbered).
   107 | D:1      | Reached XP level 2. HP: 24/29 MP: 2/2
   107 | D:1      | 107 ||| Stepping ~*~*~tactically~*~*~ (outnumbered).
   108 | D:1      | 108 ||| Stepping ~*~*~tactically~*~*~ (outnumbered).
   216 | D:1      | 216 ||| Stepping ~*~*~tactically~*~*~ (stealth).
   218 | D:1      | 218 ||| Stepping ~*~*~tactically~*~*~ (stealth).
   283 | D:1      | Reached skill level 4 in Unarmed Combat
   361 | D:1      | 361 ||| Stepping ~*~*~tactically~*~*~ (stealth).
   369 | D:1      | Reached XP level 3. HP: 35/36 MP: 3/3
   383 | D:1      | 383 ||| Stepping ~*~*~tactically~*~*~ (outnumbered).
   384 | D:1      | 384 ||| Stepping ~*~*~tactically~*~*~ (outnumbered).
   385 | D:1      | 385 ||| Stepping ~*~*~tactically~*~*~ (outnumbered).
   386 | D:1      | 386 ||| Stepping ~*~*~tactically~*~*~ (outnumbered).
   387 | D:1      | 387 ||| Stepping ~*~*~tactically~*~*~ (outnumbered).
   388 | D:1      | 388 ||| Stepping ~*~*~tactically~*~*~ (outnumbered).
   389 | D:1      | 389 ||| Stepping ~*~*~tactically~*~*~ (outnumbered).
   390 | D:1      | 390 ||| Stepping ~*~*~tactically~*~*~ (outnumbered).
   391 | D:1      | 391 ||| Stepping ~*~*~tactically~*~*~ (outnumbered).
   392 | D:1      | 392 ||| Stepping ~*~*~tactically~*~*~ (outnumbered).
   393 | D:1      | 393 ||| Stepping ~*~*~tactically~*~*~ (outnumbered).
   394 | D:1      | 394 ||| Stepping ~*~*~tactically~*~*~ (outnumbered).
   395 | D:1      | 395 ||| Stepping ~*~*~tactically~*~*~ (outnumbered).
   396 | D:1      | 396 ||| Stepping ~*~*~tactically~*~*~ (outnumbered).
   397 | D:1      | 397 ||| Stepping ~*~*~tactically~*~*~ (outnumbered).
   398 | D:1      | 398 ||| Stepping ~*~*~tactically~*~*~ (outnumbered).
   399 | D:1      | 399 ||| Stepping ~*~*~tactically~*~*~ (outnumbered).
   578 | D:1      | 578 ||| READING scroll labelled WAELYZ HAYFF.
   579 | D:1      | 579 ||| READING scroll labelled ECIFUICIAS.
   584 | D:1      | 584 ||| READING 2 scrolls labelled IGUIMMOAXY.
   585 | D:1      | 585 ||| DRINKING 2 sapphire potions.
   609 | D:2      | 609 ||| STAIRDANCE
   620 | D:2      | 620 ||| STAIRDANCE
   672 | D:2      | 672 ||| Stepping ~*~*~tactically~*~*~ (stealth).
   725 | D:2      | 725 ||| Stepping ~*~*~tactically~*~*~ (stealth).
   777 | D:2      | Noticed Natasha
   786 | D:2      | Killed Natasha
   787 | D:2      | Reached skill level 1 in Throwing
   787 | D:2      | Reached XP level 4. HP: 34/44 MP: 4/4
   803 | D:2      | 803 ||| Stepping ~*~*~tactically~*~*~ (stealth).
   808 | D:2      | 808 ||| Stepping ~*~*~tactically~*~*~ (stealth).
   898 | D:2      | 898 ||| Stepping ~*~*~tactically~*~*~ (stealth).
   903 | D:2      | Reached skill level 5 in Unarmed Combat
   985 | D:2      | 985 ||| Stepping ~*~*~tactically~*~*~ (stealth).
  1127 | D:2      | 1127 ||| UPGRADING to ring of see invisible.
  1128 | D:2      | 1128 ||| READING scroll labelled ZOETOU AMIAH.
  1139 | D:3      | 1139 ||| PLANNING SEWER
  1297 | D:3      | 1297 ||| Stepping ~*~*~tactically~*~*~ (stealth).
  1395 | D:3      | Identified the +2 leather armour of Sidagiul {rF+ Regen+
                  | Int-2 Dex+4}
  1495 | D:3      | 1495 ||| Stepping ~*~*~tactically~*~*~ (hiding).
  1500 | D:3      | 1500 ||| Stepping ~*~*~tactically~*~*~ (stealth).
  1501 | D:3      | 1501 ||| Stepping ~*~*~tactically~*~*~ (hiding).
  1507 | D:3      | Reached XP level 5. HP: 50/50 MP: 5/5
  1575 | D:3      | Found a burning altar of Makhleb.
  1575 | D:3      | Found a sacrificial altar of Ru.
  1632 | D:3      | Found a faded altar of an unknown god.
  1815 | D:3      | 1815 ||| RIP SEWER
  1830 | D:3      | 1830 ||| PLANNING D:1-11
  1968 | D:3      | 1968 ||| READING scroll labelled SIWU POAR QIED.
  1969 | D:3      | 1969 ||| READING scroll labelled KEKKADGH ISAMM.
  1970 | D:3      | 1970 ||| READING scroll labelled WIEKKUDUGA.
  1971 | D:3      | 1971 ||| READING scroll labelled OXUGOD DYLU.
  1972 | D:3      | 1972 ||| DRINKING 3 grey potions.
  1973 | D:3      | 1973 ||| DRINKING 3 white potions.
  1974 | D:3      | 1974 ||| DROPPING 2 potions of attraction.
  2163 | D:4      | Found Volesh's Weapon Shoppe.
  2229 | D:4      | Reached skill level 6 in Unarmed Combat
  2254 | D:4      | You fall into a shaft and drop 3 floors!
  2267 | D:7      | 2267 ||| DRINKING 2 golden potions.
  2268 | D:7      | 2268 ||| DROPPING potion of magic.
  2288 | D:6      | Found a staircase to the Ecumenical Temple.
  2350 | D:6      | Noticed an ogre
  2352 | D:6      | Killed an ogre
  2353 | D:6      | Reached XP level 6. HP: 59/59 MP: 6/6
  2366 | D:6      | Noticed a cyclops
  2367 | D:6      | 2367 ||| INVOKING Fiery Armour.
  2374 | D:6      | HP: 7/59 [cyclops/large rock (24)]
  2375 | D:6      | 2375 ||| DRINKING 2 potions of heal wounds.
  2378 | D:6      | Killed a cyclops
  2379 | D:6      | Reached skill level 8 in Unarmed Combat
  2379 | D:6      | Reached XP level 7. HP: 31/66 MP: 7/7
  2438 | D:5      | Entered Level 5 of the Dungeon
  2439 | D:5      | 2439 ||| PLANNING OSSUARY
  2516 | D:5      | Reached skill level 3 in Fighting
  2564 | D:5      | 2564 ||| Stepping ~*~*~tactically~*~*~ (stealth).
  2592 | D:5      | Found Xiuff's Antique Weapon Emporium.
  2667 | D:5      | Reached skill level 3 in Throwing
  2727 | D:5      | Reached XP level 8. HP: 74/75 MP: 8/8
  2845 | D:5      | 2845 ||| Stepping ~*~*~tactically~*~*~ (outnumbered).
  2846 | D:5      | 2846 ||| Stepping ~*~*~tactically~*~*~ (hiding).
  2847 | D:5      | 2847 ||| Stepping ~*~*~tactically~*~*~ (outnumbered).
  2849 | D:5      | 2849 ||| Stepping ~*~*~tactically~*~*~ (hiding).
  2965 | D:5      | Found an iron altar of Okawaru.
  3006 | D:5      | 3006 ||| Stepping ~*~*~tactically~*~*~ (stealth).
  3008 | D:5      | 3008 ||| Stepping ~*~*~tactically~*~*~ (stealth).
  3172 | D:5      | Reached skill level 9 in Unarmed Combat
  3176 | D:5      | Reached skill level 1 in Dodging
  3190 | D:5      | 3190 ||| RIP OSSUARY
  3281 | D:5      | 3281 ||| PLANNING D:1-11
  3281 | D:5      | 3281 ||| READING scroll labelled OMILEIFEOH.
  3472 | D:4      | Noticed Menkaure
  3477 | D:4      | Killed Menkaure
  4262 | D:6      | 4262 ||| Stepping ~*~*~tactically~*~*~ (stealth).
  4271 | D:6      | 4271 ||| Stepping ~*~*~tactically~*~*~ (stealth).
  4272 | D:6      | 4272 ||| Stepping ~*~*~tactically~*~*~ (stealth).
  4281 | D:6      | 4281 ||| Stepping ~*~*~tactically~*~*~ (stealth).
  4283 | D:6      | 4283 ||| Stepping ~*~*~tactically~*~*~ (stealth).
  4286 | D:6      | 4286 ||| Stepping ~*~*~tactically~*~*~ (stealth).
  4289 | D:6      | 4289 ||| Stepping ~*~*~tactically~*~*~ (hiding).
  4295 | D:6      | 4295 ||| Stepping ~*~*~tactically~*~*~ (outnumbered).
  4296 | D:6      | 4296 ||| Stepping ~*~*~tactically~*~*~ (outnumbered).
  4304 | D:6      | Reached skill level 10 in Unarmed Combat
  4304 | D:6      | 4304 ||| Stepping ~*~*~tactically~*~*~ (outnumbered).
  4363 | D:6      | 4363 ||| Stepping ~*~*~tactically~*~*~ (hiding).
  4380 | D:6      | 4380 ||| Stepping ~*~*~tactically~*~*~ (outnumbered).
  4406 | D:6      | 4406 ||| Stepping ~*~*~tactically~*~*~ (stealth).
  4413 | D:6      | Noticed Sigmund
  4424 | D:6      | 4424 ||| INVOKING Fiery Armour.
  4426 | D:6      | Killed Sigmund
  4603 | D:6      | Reached XP level 9. HP: 73/84 MP: 9/9
  4673 | D:6      | Noticed Maggie
  4678 | D:6      | Paralysed by Maggie for 3 turns
  4684 | D:6      | 4684 ||| INVOKING Fiery Armour.
  4689 | D:6      | HP: 21/84 [Maggie/+0 glaive of distortion (11)]
  4690 | D:6      | 4690 ||| DRINKING 3 potions of heal wounds.
  4691 | D:6      | Paralysed by Maggie for 2 turns
  4698 | D:6      | Killed Maggie
  4699 | D:6      | Reached skill level 11 in Unarmed Combat
  5006 | D:6      | 5006 ||| UPGRADING to +0 acid dragon scales.
  5016 | D:6      | 5016 ||| DROPPING +0 robe.
  5017 | D:6      | 5017 ||| READING scroll of enchant armour.
  5017 | D:6      | 5017 ||| ENCHANTING +0 acid dragon scales.
  5018 | D:6      | 5018 ||| READING 3 scrolls labelled ILOJIN WEIPIC.
  5019 | D:6      | 5019 ||| DROPPING 2 scrolls of noise.
  5080 | D:7      | Reached skill level 1 in Armour
  5084 | D:7      | 5084 ||| Stepping ~*~*~tactically~*~*~ (outnumbered).
  5085 | D:7      | 5085 ||| Stepping ~*~*~tactically~*~*~ (outnumbered).
  5086 | D:7      | 5086 ||| Stepping ~*~*~tactically~*~*~ (outnumbered).
  5087 | D:7      | 5087 ||| Stepping ~*~*~tactically~*~*~ (outnumbered).
  5088 | D:7      | 5088 ||| Stepping ~*~*~tactically~*~*~ (outnumbered).
  5089 | D:7      | 5089 ||| Stepping ~*~*~tactically~*~*~ (outnumbered).
  5090 | D:7      | 5090 ||| Stepping ~*~*~tactically~*~*~ (outnumbered).
  5100 | D:7      | 5100 ||| Stepping ~*~*~tactically~*~*~ (outnumbered).
  5101 | D:7      | 5101 ||| Stepping ~*~*~tactically~*~*~ (outnumbered).
  5102 | D:7      | 5102 ||| Stepping ~*~*~tactically~*~*~ (outnumbered).
  5103 | D:7      | 5103 ||| Stepping ~*~*~tactically~*~*~ (outnumbered).
  5104 | D:7      | 5104 ||| Stepping ~*~*~tactically~*~*~ (outnumbered).
  5105 | D:7      | 5105 ||| Stepping ~*~*~tactically~*~*~ (outnumbered).
  5106 | D:7      | 5106 ||| Stepping ~*~*~tactically~*~*~ (outnumbered).
  5109 | D:7      | 5109 ||| Stepping ~*~*~tactically~*~*~ (outnumbered).
  5110 | D:7      | 5110 ||| Stepping ~*~*~tactically~*~*~ (outnumbered).
  5187 | D:7      | 5187 ||| Stepping ~*~*~tactically~*~*~ (hiding).
  5190 | D:7      | 5190 ||| Stepping ~*~*~tactically~*~*~ (hiding).
  5205 | D:7      | 5205 ||| Stepping ~*~*~tactically~*~*~ (outnumbered).
  5546 | D:7      | 5546 ||| Stepping ~*~*~tactically~*~*~ (hiding).
  5547 | D:7      | 5547 ||| Stepping ~*~*~tactically~*~*~ (hiding).
  5713 | D:7      | Reached skill level 12 in Unarmed Combat
  5858 | D:7      | 5858 ||| Stepping ~*~*~tactically~*~*~ (stealth).
  6101 | D:7      | 6101 ||| DRINKING 2 brown potions.
  6101 | D:7      | Gained mutation: You are dopey. (Int -2) [potion of
                  | mutation]
  6101 | D:7      | Gained mutation: You have large cloven feet. [potion of
                  | mutation]
  6101 | D:7      | Lost mutation: You are dopey. (Int -2) [potion of mutation]
  6101 | D:7      | Gained mutation: You expend magic power (3 MP) to
                  | strengthen your wands. [potion of mutation]
  6148 | D:8      | 6148 ||| STAIRDANCE
  6508 | D:8      | Paralysed by a hornet for 3 turns
  6513 | D:8      | 6513 ||| INVOKING Fiery Armour.
  6741 | D:8      | 6741 ||| READING scroll labelled JUFIUSOR VITRI.
  6744 | D:9      | Noticed a two-headed ogre
  6750 | D:9      | 6750 ||| INVOKING Fiery Armour.
  6750 | D:9      | HP: 17/88 [two-headed ogre/+0 dire flail (17)]
  6750 | D:9      | Killed a two-headed ogre
  6751 | D:9      | Reached XP level 10. HP: 18/96 MP: 10/10
  6751 | D:9      | 6751 ||| STAIRDANCE
  6842 | D:9      | 6842 ||| Stepping ~*~*~tactically~*~*~ (outnumbered).
  6844 | D:9      | 6844 ||| Stepping ~*~*~tactically~*~*~ (outnumbered).
  6875 | D:9      | 6875 ||| Stepping ~*~*~tactically~*~*~ (stealth).
  6877 | D:9      | 6877 ||| Stepping ~*~*~tactically~*~*~ (stealth).
  6879 | D:9      | 6879 ||| Stepping ~*~*~tactically~*~*~ (hiding).
  6881 | D:9      | 6881 ||| Stepping ~*~*~tactically~*~*~ (hiding).
  7009 | D:9      | 7009 ||| Stepping ~*~*~tactically~*~*~ (stealth).
  7012 | D:9      | 7012 ||| Stepping ~*~*~tactically~*~*~ (outnumbered).
  7049 | D:9      | Found a staircase to the Orcish Mines.
  7067 | D:9      | 7067 ||| Stepping ~*~*~tactically~*~*~ (hiding).
  7153 | D:9      | 7153 ||| Stepping ~*~*~tactically~*~*~ (stealth).
  7163 | D:9      | Reached skill level 13 in Unarmed Combat
  7300 | D:9      | Found an opulent altar of Gozag.
  7300 | D:9      | Found a sparkling altar of Nemelex Xobeh.
  7387 | D:9      | 7387 ||| READING scroll labelled WIWNASASSUT.
  7404 | D:10     | Entered Level 10 of the Dungeon
  7466 | D:10     | 7466 ||| Stepping ~*~*~tactically~*~*~ (hiding).
  7468 | D:10     | 7468 ||| Stepping ~*~*~tactically~*~*~ (hiding).
  7581 | D:10     | Identified the +8 rapier of qw's Imminent Death {holy, rF+
                  | Int+6}
  7586 | D:10     | 7586 ||| Stepping ~*~*~tactically~*~*~ (outnumbered).
  7587 | D:10     | 7587 ||| Stepping ~*~*~tactically~*~*~ (outnumbered).
  7591 | D:10     | 7591 ||| Stepping ~*~*~tactically~*~*~ (outnumbered).
  7592 | D:10     | 7592 ||| Stepping ~*~*~tactically~*~*~ (outnumbered).
  7716 | D:10     | 7716 ||| Stepping ~*~*~tactically~*~*~ (hiding).
  7717 | D:10     | 7717 ||| Stepping ~*~*~tactically~*~*~ (hiding).
  7749 | D:10     | 7749 ||| FLEEEEING.
  7750 | D:10     | 7750 ||| FLEEEEING.
  7768 | D:10     | 7768 ||| Stepping ~*~*~tactically~*~*~ (stealth).
  7770 | D:10     | 7770 ||| Stepping ~*~*~tactically~*~*~ (stealth).
  7772 | D:10     | 7772 ||| Stepping ~*~*~tactically~*~*~ (stealth).
  7774 | D:10     | 7774 ||| Stepping ~*~*~tactically~*~*~ (stealth).
  7776 | D:10     | 7776 ||| Stepping ~*~*~tactically~*~*~ (stealth).
  7778 | D:10     | 7778 ||| Stepping ~*~*~tactically~*~*~ (stealth).
  7780 | D:10     | 7780 ||| Stepping ~*~*~tactically~*~*~ (stealth).
  7782 | D:10     | 7782 ||| Stepping ~*~*~tactically~*~*~ (stealth).
  7784 | D:10     | 7784 ||| Stepping ~*~*~tactically~*~*~ (stealth).
  7786 | D:10     | 7786 ||| Stepping ~*~*~tactically~*~*~ (stealth).
  7788 | D:10     | 7788 ||| Stepping ~*~*~tactically~*~*~ (stealth).
  7790 | D:10     | 7790 ||| Stepping ~*~*~tactically~*~*~ (stealth).
  7792 | D:10     | 7792 ||| Stepping ~*~*~tactically~*~*~ (stealth).
  7794 | D:10     | 7794 ||| Stepping ~*~*~tactically~*~*~ (stealth).
  7796 | D:10     | 7796 ||| Stepping ~*~*~tactically~*~*~ (stealth).
  7798 | D:10     | 7798 ||| Stepping ~*~*~tactically~*~*~ (stealth).
  7800 | D:10     | 7800 ||| Stepping ~*~*~tactically~*~*~ (stealth).
  7802 | D:10     | 7802 ||| Stepping ~*~*~tactically~*~*~ (stealth).
  7804 | D:10     | 7804 ||| Stepping ~*~*~tactically~*~*~ (stealth).
  7806 | D:10     | 7806 ||| Stepping ~*~*~tactically~*~*~ (stealth).
  7852 | D:10     | Noticed a manticore
  7853 | D:10     | 7853 ||| Stepping ~*~*~tactically~*~*~ (stealth).
  7861 | D:10     | 7861 ||| Stepping ~*~*~tactically~*~*~ (hiding).
  7862 | D:10     | 7862 ||| Stepping ~*~*~tactically~*~*~ (hiding).
  7869 | D:10     | Killed a manticore
  7879 | D:10     | Reached skill level 14 in Unarmed Combat
  7900 | D:10     | Noticed a two-headed ogre
  7903 | D:10     | Killed a two-headed ogre
  7904 | D:10     | Noticed an orc knight
  7905 | D:10     | 7905 ||| Stepping ~*~*~tactically~*~*~ (stealth).
  7906 | D:10     | 7906 ||| Stepping ~*~*~tactically~*~*~ (stealth).
  7912 | D:10     | 7912 ||| INVOKING Fiery Armour.
  7913 | D:10     | HP: 18/98 [orc knight/+0 glaive (19)]
  7914 | D:10     | 7914 ||| DRINKING 6 potions of heal wounds.
  7916 | D:10     | Killed an orc knight
  7917 | D:10     | Reached skill level 6 in Fighting
  7975 | D:10     | 7975 ||| READING scroll labelled SYPSUC DIAQEVO.
  7977 | D:10     | 7977 ||| Stepping ~*~*~tactically~*~*~ (hiding).
  7985 | D:10     | Reached XP level 11. HP: 61/105 MP: 11/11
  8041 | D:10     | 8041 ||| DRINKING 2 potions of curing.
  8041 | D:10     | 8041 ||| (to cure confusion)
  8042 | D:10     | 8042 ||| FLEEEEING.
  8043 | D:10     | 8043 ||| FLEEEEING.
  8045 | D:10     | 8045 ||| FLEEEEING.
  8046 | D:10     | 8046 ||| FLEEEEING.
  8047 | D:10     | 8047 ||| FLEEEEING.
  8048 | D:10     | 8048 ||| FLEEEEING.
  8052 | D:10     | 8052 ||| FLEEEEING.
  8053 | D:10     | 8053 ||| FLEEEEING.
  8054 | D:10     | 8054 ||| FLEEEEING.
  8055 | D:10     | 8055 ||| FLEEEEING.
  8056 | D:10     | 8056 ||| FLEEEEING.
  8057 | D:10     | 8057 ||| FLEEEEING.
  8058 | D:10     | 8058 ||| FLEEEEING.
  8059 | D:10     | 8059 ||| FLEEEEING.
  8061 | D:10     | 8061 ||| FLEEEEING.
  8062 | D:10     | 8062 ||| FLEEEEING.
  8063 | D:10     | 8063 ||| FLEEEEING.
  8064 | D:10     | 8064 ||| STAIRDANCE
  8168 | D:10     | 8168 ||| STAIRDANCE
  8195 | D:10     | 8195 ||| STAIRDANCE
  8200 | D:9      | Reached skill level 6 in Throwing
  8313 | D:10     | 8313 ||| Stepping ~*~*~tactically~*~*~ (hiding).
  8521 | D:11     | Noticed Josephine
  8526 | D:11     | 8526 ||| Stepping ~*~*~tactically~*~*~ (outnumbered).
  8527 | D:11     | 8527 ||| Stepping ~*~*~tactically~*~*~ (outnumbered).
  8535 | D:11     | Killed Josephine
  8543 | D:11     | 8543 ||| INVOKING Fiery Armour.
  8721 | D:11     | 8721 ||| Stepping ~*~*~tactically~*~*~ (stealth).
  8724 | D:11     | 8724 ||| Stepping ~*~*~tactically~*~*~ (stealth).
  8729 | D:11     | 8729 ||| Stepping ~*~*~tactically~*~*~ (stealth).
  8735 | D:11     | 8735 ||| FLEEEEING.
  8736 | D:11     | 8736 ||| FLEEEEING.
  8737 | D:11     | 8737 ||| FLEEEEING.
  8743 | D:11     | 8743 ||| INVOKING Fiery Armour.
  8749 | D:11     | Reached skill level 15 in Unarmed Combat
  8754 | D:11     | 8754 ||| FLEEEEING.
  8755 | D:11     | 8755 ||| FLEEEEING.
  8756 | D:11     | 8756 ||| FLEEEEING.
  8757 | D:11     | 8757 ||| FLEEEEING.
  8758 | D:11     | 8758 ||| FLEEEEING.
  8763 | D:11     | 8763 ||| FLEEEEING.
  8764 | D:11     | 8764 ||| FLEEEEING.
  8765 | D:11     | 8765 ||| STAIRDANCE
  8806 | D:11     | 8806 ||| Stepping ~*~*~tactically~*~*~ (stealth).
  8808 | D:11     | Found a staircase to the Lair.
  8910 | D:11     | 8910 ||| INVOKING Fiery Armour.
  8910 | D:11     | HP: 21/105 [gargoyle/+0 morningstar (22)]
  8911 | D:11     | 8911 ||| DRINKING 5 potions of heal wounds.
  9013 | D:11     | 9013 ||| READING scroll of enchant armour.
  9013 | D:11     | 9013 ||| ENCHANTING +1 acid dragon scales.
  9115 | D:11     | Noticed a catoblepas
  9116 | D:11     | 9116 ||| INVOKING Fiery Armour.
  9116 | D:11     | Noticed a deep elf pyromancer
  9121 | D:11     | 9121 ||| Stepping ~*~*~tactically~*~*~ (cloud).
  9122 | D:11     | 9122 ||| Stepping ~*~*~tactically~*~*~ (cloud).
  9126 | D:11     | Killed a catoblepas
  9131 | D:11     | Killed a deep elf pyromancer
  9132 | D:11     | Reached skill level 16 in Unarmed Combat
  9166 | D:11     | Noticed a tengu warrior
  9167 | D:11     | 9167 ||| Stepping ~*~*~tactically~*~*~ (hiding).
  9169 | D:11     | 9169 ||| Stepping ~*~*~tactically~*~*~ (hiding).
  9177 | D:11     | Killed a tengu warrior
  9348 | D:11     | 9348 ||| Stepping ~*~*~tactically~*~*~ (outnumbered).
  9349 | D:11     | 9349 ||| Stepping ~*~*~tactically~*~*~ (outnumbered).
  9350 | D:11     | 9350 ||| Stepping ~*~*~tactically~*~*~ (outnumbered).
  9360 | D:11     | 9360 ||| INVOKING Fiery Armour.
  9651 | D:11     | 9651 ||| PLANNING LAIR
  9651 | D:11     | 9651 ||| DRINKING 2 ruby potions.
  9652 | D:11     | 9652 ||| DROPPING potion of brilliance.
  9704 | Lair:1   | Entered Level 1 of the Lair of Beasts
  9710 | Lair:1   | 9710 ||| Stepping ~*~*~tactically~*~*~ (stealth).
  9712 | Lair:1   | 9712 ||| Stepping ~*~*~tactically~*~*~ (hiding).
  9722 | Lair:1   | 9722 ||| INVOKING Fiery Armour.
  9837 | Lair:1   | Reached XP level 12. HP: 118/118 MP: 12/12
  9839 | Lair:1   | 9839 ||| Stepping ~*~*~tactically~*~*~ (outnumbered).
  9840 | Lair:1   | 9840 ||| Stepping ~*~*~tactically~*~*~ (outnumbered).
  9841 | Lair:1   | 9841 ||| Stepping ~*~*~tactically~*~*~ (outnumbered).
  9842 | Lair:1   | 9842 ||| Stepping ~*~*~tactically~*~*~ (outnumbered).
  9845 | Lair:1   | 9845 ||| Stepping ~*~*~tactically~*~*~ (outnumbered).
  9846 | Lair:1   | 9846 ||| Stepping ~*~*~tactically~*~*~ (outnumbered).
  9847 | Lair:1   | 9847 ||| Stepping ~*~*~tactically~*~*~ (outnumbered).
 10042 | Lair:1   | Noticed a five-headed hydra
 10043 | Lair:1   | 10043 ||| INVOKING Fiery Armour.
 10047 | Lair:1   | Killed a seven-headed hydra
 10055 | Lair:1   | 10055 ||| Stepping ~*~*~tactically~*~*~ (outnumbered).
 10059 | Lair:1   | 10059 ||| Stepping ~*~*~tactically~*~*~ (outnumbered).
 10095 | Lair:1   | Identified the +4 ring mail of Fortitude {rPois rN+}
 10111 | Lair:1   | 10111 ||| PLANNING CONVERSION TO OKAWARU
 10386 | D:5      | Fell from the grace of Ignis
 10386 | D:5      | Became a worshipper of Warmaster Okawaru
 10387 | D:5      | 10387 ||| PLANNING LAIR
 10387 | D:5      | 10387 ||| UPGRADING to amulet of the acrobat.
 10392 | D:5      | 10392 ||| READING scroll labelled TUMPAPITAI.
 10393 | D:5      | 10393 ||| DRINKING 3 fizzy yellow potions.
 10394 | D:5      | 10394 ||| READING 2 scrolls of identify.
 10394 | D:5      | 10394 ||| IDENTIFYING glowing puce potion
 10395 | D:5      | 10395 ||| DROPPING 2 potions of degeneration.
 10708 | Lair:1   | 10708 ||| Stepping ~*~*~tactically~*~*~ (stealth).
 10721 | Lair:1   | 10721 ||| Stepping ~*~*~tactically~*~*~ (stealth).
 10725 | Lair:1   | 10725 ||| Stepping ~*~*~tactically~*~*~ (stealth).
 10733 | Lair:1   | 10733 ||| Stepping ~*~*~tactically~*~*~ (stealth).
 10824 | Lair:2   | 10824 ||| Stepping ~*~*~tactically~*~*~ (hiding).
 10957 | Lair:2   | Reached skill level 17 in Unarmed Combat
 11029 | Lair:2   | Reached skill level 3 in Armour
 11029 | Lair:2   | Reached * piety under Okawaru
 11030 | Lair:2   | 11030 ||| INVOKING Heroism.
 11116 | Lair:2   | 11116 ||| Stepping ~*~*~tactically~*~*~ (stealth).
 11117 | Lair:2   | 11117 ||| INVOKING Heroism.
 11119 | Lair:2   | 11119 ||| Stepping ~*~*~tactically~*~*~ (stealth).
 11123 | Lair:2   | 11123 ||| Stepping ~*~*~tactically~*~*~ (stealth).
 11124 | Lair:2   | 11124 ||| Stepping ~*~*~tactically~*~*~ (stealth).
 11125 | Lair:2   | 11125 ||| Stepping ~*~*~tactically~*~*~ (stealth).
 11129 | Lair:2   | 11129 ||| INVOKING Heroism.
 11132 | Lair:2   | Reached skill level 1 in Invocations
 11150 | Lair:2   | 11150 ||| Stepping ~*~*~tactically~*~*~ (stealth).
 11160 | Lair:2   | 11160 ||| INVOKING Heroism.
 11165 | Lair:2   | You fall into a shaft and drop 1 floor!
 11206 | Lair:3   | You fall into a shaft and drop 2 floors!
 11206 | Lair:5   | Entered Level 5 of the Lair of Beasts
 11271 | Lair:5   | 11271 ||| Stepping ~*~*~tactically~*~*~ (hiding).
 11275 | Lair:5   | 11275 ||| INVOKING Heroism.
 11275 | Lair:5   | Noticed a catoblepas
 11282 | Lair:5   | 11282 ||| Stepping ~*~*~tactically~*~*~ (outnumbered).
 11283 | Lair:5   | 11283 ||| Stepping ~*~*~tactically~*~*~ (outnumbered).
 11285 | Lair:5   | Reached skill level 3 in Invocations
 11291 | Lair:5   | 11291 ||| Stepping ~*~*~tactically~*~*~ (cloud).
 11292 | Lair:5   | 11292 ||| Stepping ~*~*~tactically~*~*~ (outnumbered).
 11292 | Lair:5   | HP: 29/118 [poisoned by a cane toad]
 11292 | Lair:5   | Noticed a five-headed hydra
 11293 | Lair:5   | 11293 ||| READING 3 scrolls of teleportation.
 11293 | Lair:5   | HP: 1/118 [komodo dragon (28)]
 11294 | Lair:5   | 11294 ||| DRINKING 4 potions of heal wounds.
 11294 | Lair:5   | Slain by a komodo dragon

Levels and vault maps discovered:
D:1:      dpeg_arrival_long_road, layout_basic, minmay_tromino_v2
D:2:      layout_rooms, roderic_nine_men_s_morris, uniq_natasha
D:3:      layout_basic, nicolae_overflow_two_pavilions,
          ebering_ecumenical_altar_box, gup_sewer_entry_bubbles
D:4:      layout_loops_ring, serial_shops, nicolae_shop_bloodbath_and_beyond,
          nicolae_concentric_dashed_squares_wild, uniq_menkaure
D:5:      layout_rooms, kennysheep_okawaru_gauntlet, serial_shops, shop,
          enter_ossuary_2, serial_co_window_serial, co_window_paths_a,
          co_window_paths_a, co_window_corner_a, co_window_corner_a,
          co_window_corner_a, co_window_2corner, co_window_2corner,
          co_window_corner_cb, co_window_unsneaky_path_c, co_window_broadway_b,
          co_window_corner_cb, co_window_sun, st_stairs_12
D:6:      layout_basic, minmay_temple_entry_proselytizer, uniq_maggie,
          uniq_sigmund
D:7:      layout_layer_cave, minmay_misc_feat_columns,
          chequers_serial_rivers_small_3
D:8:      layout_basic, minivault_5
D:9:      layout_gridville, grunt_temple_overflow_opulence, orc_0_dummy
D:10:     layout_cave_pools, nzn_random_ring
D:11:     minmay_bloctagon_deflated, layout_long_grid,
          due_lair_maze_entry_diamond, hex_medium, uniq_josephine
Lair:1:   layout_cave_shapes, kennysheep_rathole
Lair:2:   layout_gridlike, minmay_swamp_entry_wisps
Lair:3:   layout_chaotic_city, nicolae_spider_entry_tight_spaces,
          lemuel_fruit_fields, serial_bayou_shore_b
Lair:5:   due_jungle_book, layout_regular_city, grunt_megastairs_2,
          infiniplex_staircase_pool_2, lemuel_fruit_fields

Skill      XL: |  1  2  3  4  5  6  7  8  9 10 11 12 |
---------------+-------------------------------------+-----
Unarmed Combat | 4 5 6 8 10 12 14 16 17 | 17.3
Throwing       | 1 2 3 5 6 7 |  7.0
Fighting       | 3 4 5 6 7 |  7.0
Dodging        | 1 |  1.1
Armour         | 1 2 3 |  3.0
Invocations    | 3 |  3.0
Spellcasting   | |  1.0
Fire Magic     | |  2.1

Action                   |  1- 3 |  4- 6 |  7- 9 | 10-12 || total
-------------------------+-------+-------+-------+-------++-------
Melee: Unarmed           |   123 |    59 |   226 |   352 ||   760
       Punch             |       |     3 |     7 |    21 ||    31
       Kick              |       |       |     4 |    67 ||    71
Throw: Javelin           |    15 |     5 |       |       ||    20
       Large rock        |       |    29 |    59 |    70 ||   158
Invok: Fiery Armour      |       |     1 |     4 |     8 ||    13
       Heroism           |       |       |       |     5 ||     5
  Use: Scroll            |     3 |     5 |     4 |     6 ||    18
       Potion            |     1 |     4 |     2 |     6 ||    13
Armor: Robe              |    49 |    15 |    24 |       ||    88
       Skin              |       |       |     3 |       ||     3
       Acid dragon scale |       |       |    45 |   125 ||   170
Dodge: Dodged            |    70 |    16 |    87 |   136 ||   309

Table legend:
 A = Non-vault XP
 B = Vault XP
 C = Vault XP percentage of total XP
 D = Non-vault monster count
 E = Vault monster count
 F = Vault count percentage of total count
                 A         B        C        D         E       F
            +---------+---------+-------+---------+---------+-------
      Total |   19759 |   11993 |  37.8 |     221 |      59 |  21.1
            +---------+---------+-------+---------+---------+-------
        D:1 |      64 |       4 |   5.9 |      32 |       2 |   5.9
        D:2 |      64 |      36 |  36.0 |      17 |       1 |   5.6
        D:3 |      47 |      18 |  27.7 |      15 |       4 |  21.1
        D:4 |     300 |     172 |  36.4 |       8 |       1 |  11.1
        D:5 |     724 |      36 |   4.7 |      11 |       1 |   8.3
        D:6 |    1279 |     678 |  34.6 |      22 |       3 |  12.0
        D:7 |    1240 |       0 |   0.0 |      31 |       0 |   0.0
        D:8 |     697 |       0 |   0.0 |       5 |       0 |   0.0
        D:9 |    1863 |     413 |  18.1 |      16 |       2 |  11.1
       D:10 |     481 |    3831 |  88.8 |       7 |      14 |  66.7
       D:11 |    2782 |    6023 |  68.4 |      10 |      19 |  65.5
     Lair:1 |    5076 |     161 |   3.1 |      24 |      11 |  31.4
     Lair:2 |    3731 |       0 |   0.0 |      16 |       0 |   0.0
     Lair:3 |     583 |       0 |   0.0 |       5 |       0 |   0.0
     Lair:5 |     828 |     621 |  42.9 |       2 |       1 |  33.3
            +---------+---------+-------+---------+---------+-------
